Map: [ESL] NeoHumanity

Players

Classic

  • Race: Protoss Protoss
  • Spawn Location: 5:00

DKZDark (Dark) - Winner!

  • Race: Zerg Zerg
  • Spawn Location: 11:00

VOD

Have the link to the VOD?

Description

Time

  • Played on: May 20, 2023, 12:10 a.m.
  • Length: 7:31
Show
View Real Time Build Order
Export as new Build Order

Classic Protoss 

Build Orders: 1 Gate Expand, Oracle Opening 

Get SALT Encoding   

  12  0:00  Probe  
  13  0:13  Pylon  
  13  0:17  Probe (Chrono Boost)  
  14  0:26  Probe (Chrono Boost)  
  15  0:31  Probe (Chrono Boost)  
  16  0:41  Gateway  
  16  0:43  Probe  
  16  0:49  Assimilator  
  17  0:55  Probe  
  18  1:07  Probe  
  19  1:20  Probe  
  20  1:27  Nexus  
  20  1:32  Probe  
  21  1:39  Cybernetics Core  
  21  1:44  Probe  
  22  1:49  Assimilator  
  22  1:54  Pylon  
  22  1:57  Probe  
  23  2:12  Adept (Chrono Boost), Probe  
  26  2:20  Stargate  
  26  2:24  Probe  
  27  2:33  Warp Gate  
  27  2:35  Adept  
  30  2:37  Probe (Chrono Boost)  
  30  2:38  Probe (Chrono Boost)  
  31  2:48  Probe x2 (Chrono Boost)  
  33  2:52  Probe (Chrono Boost)  
  33  2:53  Probe (Chrono Boost)  
  35  3:03  Probe  
  35  3:04  Oracle (Chrono Boost)  
  35  3:05  Probe  
  39  3:15  Probe  
  39  3:17  Probe  
  39  3:18  Adept  
  43  3:20  Pylon  
  43  3:27  Probe  
  43  3:29  Probe  
  43  3:32  Gateway  
  45  3:34  Gateway  
  48  3:47  Twilight Council  
  43  3:49  Probe x2  
  43  3:53  Pylon, Oracle  
  48  4:01  Probe x2  
  50  4:07  Pylon  
  50  4:17  Nexus  
  50  4:18  Pylon  
  50  4:21  Resonating Glaives (Chrono Boost)  
  52  4:30  Adept x3  
  56  4:36  Assimilator  
  56  4:41  Probe x2  
  56  4:44  Assimilator  
  58  4:51  Adept x3  
  64  4:55  Probe x2  
  66  5:03  Shield Battery  
  66  5:04  Pylon  
  66  5:12  Stalker x3  
  70  5:27  Shield Battery  
  70  5:28  Shield Battery  
  70  5:35  Stalker x3  
  76  5:39  Shield Battery  
  61  5:57  Probe x2  
  61  5:59  Stalker x3  
  68  6:05  Void Ray (Chrono Boost)  
  68  6:09  Probe  
  68  6:10  Probe x2  
  71  6:16  Gateway  
  71  6:17  Adept  
  71  6:19  Adept  
  71  6:21  Probe  
  71  6:22  Adept, Probe  
  71  6:23  Probe  
  60  6:41  Adept x2  
  60  6:42  Adept  
  59  6:58  Void Ray (Chrono Boost)  
  59  7:00  Probe x2  
  61  7:02  Adept x3  
  58  7:16  Pylon  
  58  7:22  Adept x2  
Show
View Real Time Build Order
Export as new Build Order

DKZDark Zerg - Winner!

Build Orders: Hatch First 

Get SALT Encoding   

  12  0:00  Drone  
  13  0:12  Overlord  
  13  0:17  Drone  
  14  0:31  Drone x2  
  16  0:50  Hatchery  
  16  0:51  Drone  
  16  0:55  Drone  
  17  0:58  Drone  
  18  1:10  Extractor  
  17  1:14  Spawning Pool  
  17  1:17  Drone  
  17  1:21  Drone  
  18  1:28  Drone  
  19  1:39  Drone  
  20  1:50  Drone  
  21  2:01  Queen x2  
  21  2:02  Zergling x2  
  21  2:03  Zergling x2  
  27  2:09  Metabolic Boost  
  27  2:15  Drone, Overlord  
  28  2:34  Drone x3  
  28  2:35  Drone  
  32  2:43  Hatchery  
  31  2:44  Zergling x2  
  31  2:47  Zergling x2  
  33  2:52  Spore Crawler  
  33  2:56  Drone  
  33  2:57  Drone  
  34  3:06  Overlord  
  34  3:08  Drone  
  34  3:13  Drone  
  34  3:19  Queen, Spore Crawler  
  36  3:20  Drone, Spore Crawler  
  36  3:26  Zergling x4  
  38  3:27  Drone  
  38  3:29  Drone  
  38  3:33  Drone x2  
  42  3:37  Drone  
  42  3:42  Drone x2  
  44  3:49  Overlord  
  44  3:52  Roach Warren  
  44  3:53  Unknown  
  42  3:58  Drone x3  
  42  3:59  Drone  
  44  4:06  Queen  
  44  4:08  Drone x2  
  48  4:18  Drone x3  
  48  4:19  Drone  
  48  4:22  Overlord  
  48  4:23  Overlord  
  52  4:27  Overlord  
  52  4:38  Roach x3  
  58  4:40  Roach x2  
  58  4:43  Roach  
  64  4:49  Roach x2  
  64  4:51  Roach  
  70  4:53  Roach  
  70  4:55  Roach  
  74  5:03  Roach x3  
  74  5:05  Roach  
  78  5:18  Roach x2  
  80  5:27  Roach  
  80  5:28  Overlord x2  
  81  5:30  Ravager  
  81  5:34  Overlord  
  82  5:41  Ravager x2  
  82  5:43  Zergling x4  
  82  5:44  Overlord  
  82  5:46  Zergling x16, Ravager x2  
  82  5:48  Zergling x2  
  85  5:50  Ravager  
  85  5:55  Zergling x6  
  85  5:56  Ravager  
  85  5:58  Zergling x4  
  85  6:04  Ravager  
  83  6:05  Zergling x2  
  83  6:08  Zergling x4  
  78  6:16  Zergling x2  
  71  6:19  Zergling x4  
  71  6:22  Queen x2  
  72  6:26  Zergling x2  
  72  6:32  Zergling x2  
  69  6:38  Zergling x4  
  66  6:42  Zergling x4  
  66  6:44  Ravager  
  66  6:45  Ravager  
  70  6:48  Drone  
  70  6:50  Drone  
  70  6:51  Drone  
  67  6:55  Drone  
  66  7:12  Drone x3  
Tags
 
Add a new tag
Caveats
  • Supply blocks, unpowered buildings, or Contaminate may cause inaccurate times.
  • Supply counts are checked every 10 seconds.